 Dungeon Crawl Stone Soup version 0.19-a0-1051-gdb7e7f8 (webtiles) character file.

56 Jmtri7 the Insei (level 3, 0/34 HPs)
             Began as an Octopode Transmuter on Aug 2, 2016.
             Succumbed to an adder's poison
             ... on level 2 of the Dungeon.
             The game lasted 00:06:16 (601 turns).

Jmtri7 the Insei (Octopode Transmuter)               Turns: 601, Time: 00:06:16

Health: 0/34       AC: 21    Str: 10    XL:     3   Next: 97%
Magic:  6/6        EV:  2    Int: 15    God:
Gold:   23         SH:  0    Dex: 15    Spells: 2 memorised, 2 levels left

rFire  . . .     SeeInvis .       - Unarmed
rCold  . . .     Gourm    .     (no shield)
rNeg   + + +     Faith    .     (helmet currently unavailable)
rPois  +         Spirit   .     (no amulet)
rElec  .         Dismiss  .     i - ring of sustain attributes
rCorr  .         Reflect  .     j - +3 ring of dexterity
SustAt +         Harm     .     (no ring)
MR     .....     NoTele   +     (no ring)
Stlth  +.........               (no ring)
                                (no ring)
                                (no ring)
                                (no ring)

@: lethally poisoned (0 -> -3), tree-form, not resistant to hostile
enchantments, very unstealthy
A: almost no armour, (amphibious), 8 rings, (constrict 8), (camouflage 0),
(gelatinous body 0)
a: no special abilities


You were on level 2 of the Dungeon.
You were not hungry.
You were a tree.
You visited 1 branch of the dungeon, and saw 2 of its levels.

You collected 23 gold pieces.

Inventory:

Missiles
 a - 23 arrows
Jewellery
 i - a ring of sustain attributes (left branch)
 j - a +3 ring of dexterity (right branch)
Scrolls
 d - a scroll of identify {unknown}
 g - 2 scrolls of remove curse {unknown}
 h - a scroll of recharging {unknown}
Books
 b - a book of Changes

   Spells                             Type                      Level
   a - Beastly Appendage              Transmutation                1
   b - Sticks to Snakes               Transmutation                2
   c - Spider Form                    Transmutation/Poison         3
   d - Ice Form                       Ice/Transmutation            4
   e - Blade Hands                    Transmutation                5
Comestibles
 c - a bread ration
 f - 9 chunks of flesh


   Skills:
 - Level 1.0 Fighting
 - Level 2.0 Dodging
 + Level 4.1 Unarmed Combat
 - Level 2.0 Spellcasting
 - Level 3.0 Transmutations


You had 2 spell levels left.
You knew the following spells:

 Your Spells              Type           Power        Failure   Level  Hunger
a - Beastly Appendage     Tmut           ##....       8%          1    #......
b - Spider Form           Tmut/Pois      #.........   34%         3    ###....


Dungeon Overview and Level Annotations

Branches:
Dungeon (2/15)

Altars:
Okawaru
Sif Muna
The Shining One


Innate Abilities, Weirdness & Mutations

You cannot wear most types of armour.
((You are amphibious.))
You can wear up to eight rings at the same time.
((You can use your tentacles to constrict eight enemies at once.))
((Your skin changes colour to match your surroundings (Stealth+).))
((Your rubbery body absorbs attacks. (AC +1, EV +1)))


Message History

You kill the kobold!
* * * LOW HITPOINT WARNING * * *
You feel sick.
You closely miss the giant newt. You grab the giant newt.
You constrict the giant newt, but do no damage.
* * * LOW HITPOINT WARNING * * *
You feel sick. The giant newt barely misses you.
You tentacle-slap the giant newt.
You kill the giant newt!
You tentacle-slap the giant cockroach.
You kill the giant cockroach!
* * * LOW HITPOINT WARNING * * *
You feel sick.
There is a lethal amount of poison in your body!
It was a potion of lignification.
You turn into a tree.
Your roots penetrate the ground.
* * * LOW HITPOINT WARNING * * *
You feel sick.
Unknown command.
You die...

#..(......#. #..........
#.(......# #........#
#........# #[.......#
#........# ##†###+###
###♣###. ..
######....##.######.
#....#....##........
#......_...##.....#
#..........##.....+
#...........#.....#
#......8.._.#.....#
#.............).[.#######
........_..........#........


There were no monsters in sight!

Vanquished Creatures
  2 adders
  An ooze (D:1)
  A dart slug (D:1)
  A giant gecko (D:1)
  2 giant cockroaches
  3 hobgoblins
  3 jackals (D:1)
  5 kobolds
  2 bats (D:1)
  3 giant newts
  5 goblins
  2 rats (D:1)
30 creatures vanquished.

Notes
Turn   | Place    | Note
-------+----------+-------------------------------------------
     0 | D:1      | Jmtri7 the Octopode Transmuter began the quest for the Orb.
     0 | D:1      | Reached XP level 1. HP: 13/13 MP: 3/3
    39 | D:1      | Reached XP level 2. HP: 10/18 MP: 5/5
   368 | D:1      | Reached XP level 3. HP: 18/23 MP: 6/6
   384 | D:1      | Learned a level 3 spell: Spider Form
   522 | D:1      | You fall through a shaft!
   533 | D:2      | Found an iron altar of Okawaru.
   553 | D:2      | Found a deep blue altar of Sif Muna.
   555 | D:2      | Found a glowing golden altar of the Shining One.
   586 | D:2      | Reached skill level 4 in Unarmed Combat
   595 | D:2      | HP: 1/23 [poisoned by an adder]
   601 | D:2      | Succumbed to an adder's poison

Vault maps used:
D:1:      nicolae_arrival_memento_mori, serial_bayou_crossing
D:2:      grunt_temple_overflow_open

Skill      XL: |  1  2  3 |
---------------+----------+-----
Transmutations | 3 |  3.0
Unarmed Combat | 4 |  4.1
Fighting       | |  1.0
Dodging        | |  2.0
Spellcasting   | |  2.0

Action                   || total
-------------------------++-------
Melee: Unarmed           ||    62
       Constrict         ||    18
       Tentacles         ||    10
       Punch             ||     2
  Use: Potion            ||     1
 Stab: Sleeping          ||     6
Armor: Skin              ||     1
Dodge: Dodged            ||    23
